 Dungeon Crawl Stone Soup version 0.28.0-47-ge53b351184 (webtiles) character file.

Game seed: 13036216310345509424

10 warriortoast the Firebug (level 2, 0/15 HPs)
             Began as a Deep Elf Fire Elementalist on May 8, 2022.
             Slain by an adder (2 damage)
             ... on level 1 of the Dungeon on May 9, 2022.
             The game lasted 00:03:56 (803 turns).

warriortoast the Firebug (DEFE)                      Turns: 803, Time: 00:03:56

Health: 0/15       AC:  2    Str:  5    XL:     2   Next: 10%
Magic:  7/8        EV: 12    Int: 19    God:
Gold:   45         SH:  0    Dex: 15    Spells: 6/7 levels left

rFire   . . .      SeeInvis .   (no weapon)
rCold   . . .      Faith    .   (no shield)
rNeg    . . .      Spirit   .   a - +0 robe
rPois   .          Reflect  .   (no helmet)
rElec   .          Harm     .   (no cloak)
rCorr   .          Rampage  .   (no gloves)
Will    .....                   (no boots)
Stlth   ++........              (no amulet)
HPRegen 0.05/turn               (no ring)
MPRegen 0.11/turn               (no ring)

@: no status effects
A: no striking features
a: no special abilities


You were on level 1 of the Dungeon.
You visited 1 branch of the dungeon, and saw 2 of its levels.

You collected 45 gold pieces.

Inventory:

Armour
 a - a +0 robe (worn)
Scrolls
 c - a scroll of amnesia {unknown}
 e - a scroll of magic mapping {unknown}
Potions
 b - a potion of might {unknown}
 d - a potion of heal wounds {unknown}
 f - a potion of ambrosia {unknown}
 g - a potion of brilliance {unknown}


   Skills:
 - Level 2.4 Dodging
 - Level 2.4 Stealth
 + Level 3.3 Spellcasting
 + Level 1.5 Conjurations
 + Level 3.6 Fire Magic


You had 6 spell levels left.
You knew the following spells:

 Your Spells              Type           Power      Damage    Failure   Level
a - Foxfire               Conj/Fire      48%        2x1d6     5%          1

Your spell library contained the following spells:

 Spells                   Type           Power      Damage    Failure   Level
 Scorch                   Fire           34%        2d7       4%          2
 Freeze                   Ice            12%        1d4       16%         1
 Conjure Flame            Conj/Fire      12%        6-21      16%         3
 Inner Flame              Hex/Fire       10%        N/A       22%         3
 Frozen Ramparts          Ice            6%         1d2       41%         3
 Flame Wave               Conj/Fire      12%        2d6       45%         4
 Hailstorm                Conj/Ice       6%         3d4       73%         4


Dungeon Overview and Level Annotations

Branches:
Dungeon (2/15)

Altars:


Message History

There is not enough space to conjure foxfire!
There is not enough space to conjure foxfire!
Your foxfire dissipates!
The foxfire hits the bat.
You kill the bat!
The jackal misses you.
Your magical contamination has completely faded away.
The jackal bites you. The jackal barely misses you.
The jackal pauses to sniff the ground.
There is a stone staircase leading down here.
The jackal barely misses you. The jackal completely misses you.
You climb downwards.
The hobgoblin shouts!
The adder hisses angrily.
Found an escape hatch in the ceiling.
There is a stone staircase leading up here.
The jackal closely misses you. The adder bites you but does no damage.
The jackal closely misses you. The hobgoblin hits you.
The bat hits you but does no damage. The jackal bites you.
The hobgoblin hits you but does no damage.
The bat barely misses you.
Found a faded altar of an unknown god.
The adder bites you. The hobgoblin barely misses you.
There is an escape hatch in the ceiling, spattered with blood here.
The adder bites you. The hobgoblin hits you.
* * * LOW HITPOINT WARNING * * *
A mysterious force pulls you upwards. The hatch slams shut behind you.
You are too injured to fight recklessly!
You are too injured to fight recklessly!
You are too injured to fight recklessly!
You are too injured to fight recklessly!
Casting: Foxfire (safe; 5% risk of failure)
Confirm with . or Enter, or press ? or * to list all spells.
There is not enough space to conjure foxfire!
Unknown command.
You hit the hobgoblin but do no damage. The adder bites you.
* * * LOW HITPOINT WARNING * * *
The hobgoblin closely misses you.
You closely miss the hobgoblin. The adder bites you.
You die...

.. #. #.......### #. #.
#.........#
#.#..#.#####.........#####
#........hh.h.............
#.....h########.....#####
.....)...h........####.[..
........#h####....# #....
........#S# #....# #....
........#@# #....# #....
........#g# #....# #####
#.......#.# ##.### #...#
#...#####.# #.# ###...#
### #.#####.####.....#
#..........+.....'
######......###.....#
#...(...............#
#..................##


You could see an adder, 2 jackals and a hobgoblin.

Vanquished Creatures
  2 ball pythons (D:1)
  A giant cockroach (D:1)
  A goblin (D:1)
  A hobgoblin (D:1)
  A quokka (D:1)
  2 bats (D:1)
  A rat (D:1)
9 creatures vanquished.

Vanquished Creatures (others)
  39 foxfires (D:1)
39 creatures vanquished.

Grand Total: 48 creatures vanquished

Notes
Turn   | Place    | Note
-------+----------+-------------------------------------------
     0 | D:1      | warriortoast the Deep Elf Fire Elementalist began the quest
                  | for the Orb.
     0 | D:1      | Reached XP level 1. HP: 10/10 MP: 6/6
   725 | D:1      | Reached XP level 2. HP: 15/15 MP: 5/8
   799 | D:2      | Found a faded altar of an unknown god.
   803 | D:1      | Slain by an adder

Illustrated notes

Levels and vault maps discovered:
D:1:      psy_arrival_dodecagon, layout_basic
D:2:      minmay_wonky_spiral, layout_basic, nicolae_ecumenical_lake_church,
          basic_altar

Action                   || total
-------------------------++-------
Melee: Unarmed           ||     2
 Cast: Foxfire           ||    27
Armor: Robe              ||     4
Dodge: Dodged            ||    16
